 Dungeon Sprint DCSS version 0.29.1-12-g30fa7ad0bf (webtiles) character file.

Game seed: 14234480602260587990

5521 Groucho the Unseen (level 10, -4/44 HPs)
             Began as a Spriggan Enchanter on Jan 8, 2023.
             Was a Priest of Dithmenos.
             Slain by a hornet (11 damage)
             ... in the Dungeon (Sprint II: "The Violet Keep of Menkaure").
             The game lasted 00:05:58 (470 turns).

Groucho the Unseen (Spriggan Enchanter)              Turns: 470, Time: 00:05:59

Health: -4/44      AC:  6    Str: 11      XL:     10   Next: 43%
Magic:  17/27      EV: 17    Int: 13      God:    Dithmenos [***...]
Gold:   665        SH:  0    Dex: 13 (14) Spells: 16/33 levels left

rFire   + + +      SeeInvis +   a - +1 dagger
rCold   . . .      Faith    .   (no shield)
rNeg    . . .      Spirit   .   e - +1 robe of Emiamuuf {Drain rElec Archmagi}
rPois   .          Reflect  .   (helmet restricted)
rElec   +          Harm     .   f - +2 cloak "Oggeut" {rF+++ Str+3 Int-4}
rCorr   .          Rampage  .   (gloves unavailable)
Will    +....      Archmagi +   (boots unavailable)
Stlth   +++++++++. NoTele   +   (no amulet)
HPRegen 0.14/turn               (no ring)
MPRegen 0.20/turn               (no ring)

@: lethally poisoned (-4 -> -13), slowed, wreathed by umbra, quick
A: very small, no large weapons, unfitting armour, see invisible, speed 3,
clumsy 1, deterioration 1
a: Renounce Religion, Shadow Step


You were in the Dungeon.
You worshipped Dithmenos.
Dithmenos was most pleased with you.
You visited 1 branch You collected 1215 gold pieces.
You spent 550 gold pieces at shops.

Inventory:

Hand Weapons
 a - a +1 dagger (weapon)
Armour
 e - the +1 robe of Emiamuuf (worn) {Drain rElec Archmagi}
   (You bought it in a shop in the Dungeon)

   rElec:     It insulates you from electricity.
   Drain:     It drains your maximum health when unequipped.
   Archmagi:  It increases the power of your magical spells.
 f - the +2 cloak "Oggeut" (worn) {rF+++ Str+3 Int-4}
   (You bought it in a shop in the Dungeon)

   Str:       It affects your strength (+3).
   Int:       It affects your intelligence (-4).
   rF:        It renders you almost immune to fire.
Scrolls
 i - a scroll of blinking
Potions
 g - 2 potions of magic


   Skills:
 - Level 10.0 Short Blades
 - Level 2.6 Dodging
 - Level 17.0 Stealth
 - Level 12.0 Spellcasting
 * Level 8.1 Conjurations
 + Level 13.9 Hexes
 * Level 9.7 Earth Magic


You had 16 spell levels left.
You knew the following spells:

 Your Spells              Type           Power      Damage    Failure   Level
a - Ensorcelled Hibernat  Hex/Ice        76%        N/A       1%          2
b - Confusing Touch       Hex            60%        N/A       1%          3
c - Dazzling Flash        Conj/Hex       100%       N/A       1%          3
d - Tukima's Dance        Hex            60%        N/A       1%          3
e - Sandblast             Erth           98%        2d20      1%          1
f - Passwall              Tmut/Erth      25%        N/A       1%          2
g - Stone Arrow           Conj/Erth      92%        3d12      1%          3

Your spell library contained the following spells:

 Spells                   Type           Power      Damage    Failure   Level


Dungeon Overview and Level Annotations

Branches:
Dungeon (1/1)

Altars:
Cheibriados
Dithmenos
Elyvilon
Fedhas
Gozag
Hepliaklqana
Kikubaaqudgha
Makhleb
Nemelex Xobeh
Okawaru
Qazlal
Ru
Sif Muna
Trog
Uskayaw
Vehumet
Wu Jian
Xom
Yredelemnul
Zin
The Shining One
Jiyva
Lugonu

Shops:
D =!:[?![[((*:[==

Annotations:
D exclusion: oklob plant


Innate Abilities, Weirdness & Mutations

You are very small and have problems with some larger weapons.
You are too small for most types of armour.
You have supernaturally acute eyesight. (SInv)
You cover ground extremely quickly. (Speed+++)
You are clumsy. (Dex -2)
Your body sometimes deteriorates upon taking damage.


Message History

The polar bear claws itself but does no damage. x2
You hear an angry buzzing noise.
You strike the helpless polar bear from behind!
You spit the polar bear like a pig!!!
You kill the polar bear!
Dithmenos accepts your kill.
Your Conjurations skill increases to level 8!
Casting: Confusing Touch (safe; 1% risk of failure)
Confirm with . or Enter, or press ? or * to list all spells.
Aiming: Ensorcelled Hibernation (safe; 1% risk of failure)
Press: ? - help, Shift-Dir - straight line, f - hornet
Aim: a hornet (umbra, chance to affect: 56%)
You feel a surge of power!
The hornet resists with significant effort.
The hornet misses you. The hornet stings you.
You feel yourself slow down.
Casting: Ensorcelled Hibernation (safe; 1% risk of failure)
Confirm with . or Enter, or press ? or * to list all spells.
Aiming: Ensorcelled Hibernation (safe; 1% risk of failure)
Press: ? - help, Shift-Dir - straight line, f/p - hornet
Aim: a hornet (umbra, chance to affect: 56%)
You feel a surge of power!
The hornet resists with significant effort.
The hornet stings you.
You are poisoned.
You suddenly lose the ability to move!
The hornet stings you!
* * * LOW HITPOINT WARNING * * *
You are lethally poisoned!
You feel as though you will be slow longer.
* * * LOW HITPOINT WARNING * * *
Your body deteriorates!
You feel clumsy.
You feel very sick. The hornet stings you.
* * * LOW HITPOINT WARNING * * *
You feel as though you will be slow longer.
You can move again.
You feel better. The hornet stings you!
* * * LOW HITPOINT WARNING * * *
You are lethally poisoned!
You feel as though you will be slow longer.
The hornet stings you!
You die...

#.['...^# +## #.†####^# k
#.##.####..†.##. ##.#
...#†.#...####
#.####..#####..##$# )??
'###.##..#..'^.#.c#▓!)$$)
.##†..#..#..#..#..#▓??!!??)
<.'##.'..####.^##y#▓$$[))$?
.##†..#....###..@##▓▓▓▓▓▓▓+
'###.##....§.§~~~~~~~~~~~~
..####~~.....~#'########+##
#).#~~§~~§~..§#.._.....#~§§
..##~~~~~§~§.~#._._....#~§≈
+##~~~§≈≈§§~~§#_._._...#~§§
~~~~~~≈≈§≈~~~#._._._..#S~~
+++#~≈≈≈§≈≈≈~#_._._._.#~S§
##§§§###≈≈#._._._._#§§~


You could see a yaktaur and a hornet.

Vanquished Creatures
  A deep elf master archer (D)
  3 shining eyes (D)
  3 manticores (D)
  A merfolk siren (D)
  2 cane toads (D)
  3 polar bears (D)
  2 wyverns (D)
  Menkaure (D)
  A water moccasin (D)
  4 necrophages (D)
  3 worms (D)
24 creatures vanquished.

Notes
Turn   | Place    | Note
-------+----------+-------------------------------------------
     0 | D        | Groucho the Spriggan Enchanter began the quest for the Orb.
     0 | D        | Reached XP level 1. HP: 9/9 MP: 5/5
     3 | D        | Noticed a wyvern
     3 | D        | Noticed a wyvern
     6 | D        | Noticed a necrophage
     6 | D        | Noticed a necrophage
     6 | D        | Noticed a necrophage
     6 | D        | Noticed a necrophage
    12 | D        | Killed a necrophage
    13 | D        | Reached skill level 7 in Stealth
    13 | D        | Reached skill level 5 in Spellcasting
    13 | D        | Reached skill level 5 in Hexes
    13 | D        | Reached XP level 2. HP: 13/13 MP: 6/9
    13 | D        | Reached XP level 3. HP: 16/16 MP: 6/10
    16 | D        | Killed a necrophage
    17 | D        | Reached skill level 5 in Short Blades
    17 | D        | Reached skill level 8 in Stealth
    17 | D        | Reached XP level 4. HP: 21/21 MP: 7/13
    17 | D        | Killed a necrophage
    18 | D        | Reached skill level 9 in Stealth
    18 | D        | Reached XP level 5. HP: 24/24 MP: 7/15
    20 | D        | Reached skill level 10 in Stealth
    30 | D        | Noticed a merfolk siren
    33 | D        | Killed a merfolk siren
    34 | D        | Reached skill level 12 in Stealth
    34 | D        | Reached XP level 6. HP: 21/28 MP: 8/19
    34 | D        | Reached XP level 7. HP: 24/32 MP: 8/21
    57 | D        | Killed a wyvern
    58 | D        | Reached skill level 13 in Stealth
    58 | D        | Reached skill level 10 in Spellcasting
    58 | D        | Reached skill level 10 in Hexes
    60 | D        | Killed a wyvern
    95 | D        | Found Plog's General Store.
    95 | D        | Found Peptui's Antique Armour Boutique.
    95 | D        | Found Dycaugesk's Antique Armour Shop.
    95 | D        | Found Yfubis's Weapon Boutique.
    95 | D        | Found Yleugag's Jewellery Shop.
    95 | D        | Found Zatruva's Antique Weapon Boutique.
    95 | D        | Found Yppiugamp's Book Boutique.
    95 | D        | Found Weoschim's Jewellery Boutique.
   118 | D        | Learned a level 2 spell: Ensorcelled Hibernation
   122 | D        | Learned a level 3 spell: Confusing Touch
   126 | D        | Learned a level 3 spell: Dazzling Flash
   130 | D        | Learned a level 3 spell: Tukima's Dance
   132 | D        | Found Jiriog's Armour Shop.
   132 | D        | Found Ceaneoll's Distillery.
   132 | D        | Noticed Menkaure
   132 | D        | Noticed a yak
   134 | D        | Noticed a yak
   152 | D        | Killed Menkaure
   153 | D        | Reached skill level 14 in Stealth
   153 | D        | Noticed a slime creature
   154 | D        | Found Iwnus's Magic Scroll Boutique.
   154 | D        | Found Wuuho's Antique Armour Shop.
   154 | D        | Noticed an oklob plant
   154 | D        | Noticed a yak
   155 | D        | Found Searobum's Distillery.
   155 | D        | Found Bobuyne's Book Shoppe.
   155 | D        | Found Yziadotuj's Jewellery Boutique.
   155 | D        | Noticed a slime creature
   157 | D        | Noticed a slime creature
   171 | D        | Noticed an ice dragon
   175 | D        | Bought a fabulously ornate robe for 114 gold pieces
   175 | D        | Identified the +1 robe of Emiamuuf {Drain rElec Archmagi}
                  | (You bought it in a shop in the Dungeon)
   175 | D        | Bought a crude cloak for 190 gold pieces
   175 | D        | Identified the +2 cloak "Oggeut" {rF+++ Str+3 Int-4} (You
                  | bought it in a shop in the Dungeon)
   209 | D        | Bought a potion of flight for 30 gold pieces
   215 | D        | Bought a book of Geomancy for 216 gold pieces
   217 | D        | Learned a level 1 spell: Sandblast
   220 | D        | Learned a level 2 spell: Passwall
   224 | D        | Learned a level 3 spell: Stone Arrow
   230 | D        | Reached XP level 8. HP: 36/36 MP: 20/23
   247 | D        | Found a stormy altar of Qazlal.
   247 | D        | Found an ornate altar of the Wu Jian Council.
   248 | D        | Found a hazy altar of Hepliaklqana.
   248 | D        | Found a sacrificial altar of Ru.
   248 | D        | Found a shimmering altar of Xom.
   249 | D        | Found a viscous altar of Jiyva.
   249 | D        | Found a shimmering blue altar of Sif Muna.
   250 | D        | Found a snail-covered altar of Cheibriados.
   250 | D        | Found an ancient bone altar of Kikubaaqudgha.
   250 | D        | Found a bloodstained altar of Trog.
   251 | D        | Found a shadowy altar of Dithmenos.
   251 | D        | Found a corrupted altar of Lugonu.
   252 | D        | Found a white marble altar of Elyvilon.
   252 | D        | Found a burning altar of Makhleb.
   253 | D        | Found a blossoming altar of Fedhas.
   255 | D        | Found an opulent altar of Gozag.
   255 | D        | Found a glowing golden altar of the Shining One.
   255 | D        | Found a basalt altar of Yredelemnul.
   255 | D        | Found a hide-covered altar of Uskayaw.
   255 | D        | Found a sparkling altar of Nemelex Xobeh.
   256 | D        | Found a glowing silver altar of Zin.
   256 | D        | Found a radiant altar of Vehumet.
   256 | D        | Found an iron altar of Okawaru.
   260 | D        | Became a worshipper of Dithmenos the Shadowed
   279 | D        | Noticed a deep elf master archer
   285 | D        | Killed a deep elf master archer
   286 | D        | Reached skill level 10 in Short Blades
   286 | D        | Reached skill level 15 in Stealth
   286 | D        | Reached XP level 9. HP: 39/39 MP: 23/25
   290 | D        | Noticed a cane toad
   290 | D        | Noticed a cane toad
   292 | D        | Killed a cane toad
   293 | D        | Reached skill level 5 in Earth Magic
   294 | D        | Killed a cane toad
   294 | D        | Reached * piety under Dithmenos
   295 | D        | Reached skill level 5 in Conjurations
   304 | D        | Noticed a manticore
   304 | D        | Noticed a manticore
   304 | D        | Noticed a manticore
   306 | D        | Killed a manticore
   307 | D        | Reached skill level 16 in Stealth
   308 | D        | Killed a manticore
   313 | D        | Killed a manticore
   313 | D        | Reached ** piety under Dithmenos
   319 | D        | Noticed a shining eye
   319 | D        | Noticed a shining eye
   319 | D        | Noticed a shining eye
   325 | D        | Killed a shining eye
   325 | D        | Gained mutation: You are clumsy. (Dex -2) [a shining eye]
   326 | D        | Reached XP level 10. HP: 32/44 MP: 14/27
   328 | D        | Killed a shining eye
   329 | D        | Reached skill level 17 in Stealth
   331 | D        | Gained mutation: Your body sometimes deteriorates upon
                  | taking damage. [a shining eye]
   332 | D        | Killed a shining eye
   332 | D        | Reached *** piety under Dithmenos
   468 | D        | Paralysed by a hornet for 2 turns
   470 | D        | Slain by a hornet

Illustrated notes

Levels and vault maps discovered:
D:        the_violet_keep_of_menkaure [sprint2_stairs_cluster_1,
          sprint2_shoproom, sprint2_temple, sprint2_basic_supplies,
          sprint2_obstacle_5, sprint2_obstacle_4, sprint2_obstacle_2,
          sprint2_obstacle_7, sprint2_obstacle_6, sprint2_timed_cluster_1,
          sprint2_smallroom_cluster_1, sprint2_smallroom_final_cluster_1,
          sprint2_transparent_cluster_1, sprint2_second_timed_cluster_1,
          sprint2_sniper_area_1, sprint2_heavy_combat_area_1,
          sprint2_mutation_trap_area_1, sprint2_forest_area_1,
          sprint2_light_combat_area_1, sprint2_behind_water_1,
          sprint2_near_end_vault_1]

Skill      XL: |  1  2  3  4  5  6  7  8  9 10 |
---------------+-------------------------------+-----
Short Blades   | 4 5 8 9 10 | 10.0
Stealth        | 7 8 9 12 14 15 16 17 | 17.0
Spellcasting   | 5 6 7 9 10 11 12 | 12.0
Hexes          | 5 6 7 9 11 12 13 | 13.9
Conjurations   | 4 6 8 |  8.1
Earth Magic    | 4 8 9 |  9.7
Dodging        | |  2.6

Action                   |  1- 3 |  4- 6 |  7- 9 | 10-12 || total
-------------------------+-------+-------+-------+-------++-------
Melee: Dagger            |     7 |     4 |    43 |    26 ||    80
       Punch             |       |       |     1 |       ||     1
 Cast: Ensorcelled Hiber |       |       |     5 |     2 ||     7
       Confusing Touch   |       |       |     1 |     3 ||     4
       Dazzling Flash    |       |       |     2 |     3 ||     5
  Use: Potion            |     3 |       |     3 |     1 ||     7
 Stab: Invisible         |     2 |     1 |     3 |     4 ||    10
       Sleeping          |       |     1 |    10 |       ||    11
       Confused          |       |       |     1 |     4 ||     5
Armor: Robe              |       |       |     2 |     5 ||     7
Dodge: Dodged            |     4 |       |    15 |    16 ||    35
